 Dungeon Crawl Stone Soup version 0.18.1-8-gdd0e5ea (webtiles) character file.

90 juanjsm the Changer (level 4, 0/28 HPs)
             Began as an Octopode Transmuter on June 9, 2016.
             Succumbed to an adder's poison
             ... on level 2 of the Dungeon.
             The game lasted 00:06:43 (1794 turns).

juanjsm the Changer (Octopode Transmuter)           Turns: 1794, Time: 00:06:44

Health: 0/28       AC:  1    Str:  9    XL:     4   Next: 56%
Magic:  6/7        EV: 12    Int: 16    God:
Gold:   90         SH:  0    Dex: 12    Spells: 2 memorised, 3 levels left

rFire  . . .     SeeInvis .       - Unarmed
rCold  . . .     Gourm    .     (no shield)
rNeg   . . .     Faith    .     (helmet restricted)
rPois  .         Spirit   .     (no amulet)
rElec  .         Dismiss  .     (no ring)
rCorr  .         Reflect  .     (no ring)
SustAt .         Harm     .     (no ring)
MR     .....                    (no ring)
Stlth  +++.......               (no ring)
                                (no ring)
                                (no ring)
                                (no ring)

@: lethally poisoned (0 -> -3), not resistant to hostile enchantments, fairly
stealthy
A: almost no armour, amphibious, 8 rings, constrict 8, camouflage 1, gelatinous
body 1
a: no special abilities


You were on level 2 of the Dungeon.
You were not hungry.

You visited 1 branch of the dungeon, and saw 3 of its levels.

You collected 90 gold pieces.

Inventory:

Missiles
 a - 12 arrows
 m - 28 sling bullets
Armour
 f - a +0 shield
Scrolls
 e - a scroll of noise {unknown}
 g - a scroll of enchant armour {unknown}
 h - a scroll of teleportation {unknown}
 j - a scroll of amnesia {unknown}
 k - a scroll of remove curse {unknown}
 n - a scroll of identify {unknown}
Books
 b - a book of Changes

   Spells                             Type                      Level
   a - Beastly Appendage              Transmutation                1
   b - Sticks to Snakes               Transmutation                2
   c - Spider Form                    Transmutation/Poison         3
   d - Ice Form                       Ice/Transmutation            4
   e - Blade Hands                    Transmutation                5
Comestibles
 c - 2 bread rations
 d - a meat ration
 l - 4 chunks of flesh


   Skills:
 - Level 1.0 Fighting
 - Level 2.2 Dodging
 - Level 1.3 Stealth
 - Level 0.2 Shields
 - Level 3.4 Unarmed Combat
 - Level 2.3 Spellcasting
 * Level 3.6 Transmutations


You had 3 spell levels left.
You knew the following spells:

 Your Spells              Type           Power        Failure   Level  Hunger
a - Beastly Appendage     Trmt           ##....       6%          1    #......
b - Spider Form           Trmt/Pois      #.........   34%         3    ###....


Dungeon Overview and Level Annotations

Branches:
Dungeon (3/15)

Altars:
Elyvilon

Annotations:
D:3 roberto's ghost, amateur NaTm


Innate Abilities, Weirdness & Mutations

You cannot wear most types of armour.
You are amphibious.
You can wear up to eight rings at the same time.
You can use your tentacles to constrict eight enemies at once.
Your skin changes colour to match your surroundings (Stealth).
Your rubbery body absorbs attacks (AC +1).


Message History

Okay, then.
Eat which item? (? for menu, Esc to quit)
You continue eating.
* * * LOW HITPOINT WARNING * * *
You feel sick.
You continue eating.
* * * LOW HITPOINT WARNING * * *
You feel sick.
You finish eating.
That royal jelly was delicious!
There is a lethal amount of poison in your body!
There is a lethal amount of poison in your body!
There is a lethal amount of poison in your body!
* * * LOW HITPOINT WARNING * * *
You feel sick.
Your tentacle spike disappears.
* * * LOW HITPOINT WARNING * * *
You feel sick.
* * * LOW HITPOINT WARNING * * *
You feel sick.
You die...

#......# #..#.###
#####..#.#
#.......># ## #
#.###....# ...
...#.......#
##.####..##...##
...........>.)#
......#@.###..####
.........###.....#
.#.##.........##.#
#.......###...#.#
#.#.##............#
......
##..####.....#
..#.#####..#
###.#.#
........#..# #.#.#
#.#.###.#..###
#.#.#


There were no monsters in sight!

Vanquished Creatures
  3 adders
  An ooze (D:1)
  3 worms (D:2)
  2 dart slugs
  5 orcs (D:3)
  A giant cockroach (D:2)
  6 goblins
  4 hobgoblins
  7 kobolds
  4 bats (D:1)
  3 giant newts
  4 rats
43 creatures vanquished.

Notes
Turn   | Place    | Note
--------------------------------------------------------------
     0 | D:1      | juanjsm the Octopode Transmuter began the quest for the Orb.
     0 | D:1      | Reached XP level 1. HP: 13/13 MP: 3/3
   224 | D:1      | Reached XP level 2. HP: 4/18 MP: 3/5
   855 | D:1      | Reached XP level 3. HP: 19/23 MP: 3/6
   859 | D:1      | Reached skill level 1 in Stealth
   870 | D:1      | Learned a level 3 spell: Spider Form
  1113 | D:2      | Found a white marble altar of Elyvilon.
  1421 | D:3      | Reached XP level 4. HP: 21/28 MP: 2/7
  1633 | D:3      | Noticed roberto's ghost (amateur NaTm)
  1790 | D:2      | HP: 1/28 [poisoned by an adder]
  1794 | D:2      | Succumbed to an adder's poison

Skill      XL: |  1  2  3 |
---------------+----------+-----
Stealth        | 1 |  1.3
Transmutations | 3 |  3.6
Fighting       | |  1.0
Dodging        | |  2.2
Shields        | |  0.2
Unarmed Combat | |  3.4
Spellcasting   | |  2.3

Action                   |  1- 3 |  4- 6 || total
-------------------------+-------+-------++-------
Melee: Unarmed           |    80 |    38 ||   118
       Constrict         |    15 |     5 ||    20
       Kick              |    11 |     4 ||    15
       Tentacles         |     5 |     2 ||     7
 Cast: Beastly Appendage |    17 |     5 ||    22
       Spider Form       |     1 |     1 ||     2
 Stab: Sleeping          |     6 |     2 ||     8
  Eat: Chunk             |     2 |     1 ||     3
       Royal jelly       |       |     1 ||     1
Armor: Skin              |     2 |     2 ||     4
Dodge: Dodged            |    40 |    31 ||    71
